 Dungeon Crawl Stone Soup version 0.30-a0-923-g828ccac5a3 (webtiles) character file.

Game seed: 1456506415583968992

4228 M4edhros the Martial Artist (level 10, -2/56 HPs)
             Began as an Octopode Artificer on Mar 22, 2023.
             Was a Priest of Cheibriados.
             Slain by a two-headed ogre
             ... wielding a +0 giant club
              (8 damage)
             ... on level 8 of the Dungeon.
             The game lasted 00:13:05 (7321 turns).

M4edhros the Martial Artist (Octopode Artificer)    Turns: 7321, Time: 00:13:05

Health: -2/56      AC:  1    Str: 22      XL:     10   Next: 30%
Magic:  10/10      EV: 19    Int: 19 (21) God:    Cheibriados [***...]
Gold:   444        SH:  0    Dex: 23 (26) Spells: 9/9 levels left

rFire   + . .      SeeInvis .      - Unarmed
rCold   . . .      Faith    .    (no shield)
rNeg    . . .      Spirit   .    (helmet restricted)
rPois   +          Reflect  .    g - amulet of the acrobat
rElec   .          Rampage  .    p - ring of Xicuteiwk {rPois Str+3}
rCorr   .                        q - ring of protection from fire
Will    .....                    A - ring of flight
Stlth   +++                      (no ring)
HPRegen 0.29/turn                (no ring)
MPRegen 0.12/turn                (no ring)
                                 (no ring)
                                 (no ring)

@: flying, unable to drink, very slow
A: almost no armour, amphibious, 8 rings, camouflage 1, gelatinous body 1,
(nimble swimmer 1), tentacles, tentacle spike 1, deterioration 2, frail 2,
subdued magic 1, inability to drink after injury 1
a: Renounce Religion, Bend Time, Temporal Distortion


You were on level 8 of the Dungeon.
You worshipped Cheibriados.
Cheibriados was most pleased with you.
You visited 2 branches of the dungeon, and saw 9 of its levels.
You also visited: Sewer.

You collected 444 gold pieces.

Inventory:

Hand Weapons
 t - a +0 morningstar
Missiles
 h - 3 throwing nets
Jewellery
 g - an amulet of the acrobat (around mantle)
 n - a ring of fire
 p - the ring of Xicuteiwk (left tentacle) {rPois Str+3}
   (You acquired it on level 1 of the Dungeon)

   [ring of poison resistance]

   Str:       It affects your strength (+3).
   rPois:     It protects you from poison.
 q - a ring of protection from fire (right tentacle)
 A - a ring of flight (on tentacle)
Wands
 b - a wand of flame (7) (quivered)
 c - a wand of charming (6)
 B - a wand of mindburst (10)
Scrolls
 e - a scroll of enchant weapon
 i - 2 scrolls of magic mapping
 j - 2 scrolls of silence
 m - a scroll of vulnerability {unknown}
 o - 4 scrolls of fog
 r - 3 scrolls of poison
 s - a scroll of brand weapon {unknown}
 v - a scroll of summoning
 w - 2 scrolls of enchant armour
 x - a scroll of blinking
 y - 3 scrolls of identify
 z - a scroll of teleportation
Potions
 a - 2 potions of degeneration
 f - a potion of berserk rage
 k - a potion of brilliance {unknown}
 l - 3 potions of haste
 u - 3 potions of resistance


   Skills:
 + Level 7.3 Fighting
 + Level 7.7 Dodging
 - Level 1.3 Stealth
 * Level 10.3 Unarmed Combat
 - Level 3.2 Evocations


You had 9 spell levels left.
You didn't know any spells.
Your spell library contained the following spells:

 Spells                   Type           Power      Damage    Failure   Level
 Inner Flame              Hex/Fire       0%         N/A       47%         3
 Stone Arrow              Conj/Erth      0%         3d7       47%         3
 Flame Wave               Conj/Fire      0%         2d4       88%         4
 Sticky Flame             Conj/Fire      0%         2d3       88%         4
 Lehudib's Crystal Spear  Conj/Erth      0%         10d2      100%        8
 Animate Armour           Summ/Erth      Unusable   N/A       N/A         4

Dungeon Overview and Level Annotations

Branches:
Dungeon (8/15)             Temple (1/1) D:4            Lair (0/5) D:8
  Sewer (visited)

Altars:
Ashenzari
Cheibriados
Dithmenos
Elyvilon
Fedhas
Gozag
Hepliaklqana
Kikubaaqudgha
Makhleb
Nemelex Xobeh
Okawaru
Qazlal
Ru
Sif Muna
Trog
Uskayaw
Vehumet
Wu Jian
Xom
Yredelemnul
Zin
The Shining One

Shops:
D:2 [   D:4 (

Annotations:
D:4 3 runed translucent doors, NoOffense's ghost, amateur OpTm; Pascal76's ghost, amateur GrBe


Innate Abilities, Weirdness & Mutations

You cannot wear most types of armour.
You are amphibious.
You can wear up to eight rings at the same time.
Your skin changes colour to match your surroundings (Stealth+).
Your rubbery body absorbs attacks. (AC +1, EV +1)
((You are camouflaged when in or above water. (Stealth+)))
You have tentacles for arms and can constrict up to eight enemies at once.
One of your tentacles bears a spike.
Your body often deteriorates upon taking damage.
You are very frail. (-20% HP)
Your spells are a little easier to cast, but a little less powerful.
You occasionally lose the ability to drink potions when taking damage.


Message History

Unknown command.
Aiming: Iceblast
Press: ? - help, Shift-Dir - straight line, f/p - orc warrior
Aim: an orc warrior, wielding a +0 arbalest and wearing a +0 chain mail (moderately wounded)
The mass of ice explodes!
The iceblast engulfs the two-headed ogre!!
The two-headed ogre is severely wounded.
The iceblast engulfs the orc warrior!
The orc warrior is almost dead.
Unknown command.
Unknown command.
Aiming: Iceblast
Press: ? - help, Shift-Dir - straight line, f/p - orc warrior
Aim: an orc warrior, wielding a +0 arbalest and wearing a +0 chain mail (almost dead)
The mass of ice explodes!
The iceblast engulfs the orc warrior.
The orc warrior is almost dead.
The iceblast engulfs the two-headed ogre!!
The two-headed ogre is almost dead.
The now-empty wand crumbles to dust.
Unknown command.
Unknown command.
Unknown command.
Aiming: Mindburst
Press: ? - help, Shift-Dir - straight line, f/p - orc warrior
Aim: an orc warrior, wielding a +0 arbalest and wearing a +0 chain mail (almost dead, chance to affect: 77%)
The two-headed ogre resists with significant effort.
The two-headed ogre barely misses you. The two-headed ogre closely misses you.
The orc warrior shoots a bolt.
The bolt hits you!!
You feel threatened and lose the ability to drink potions!
* * * LOW HITPOINT WARNING * * *
Your body deteriorates!
You feel dopey.
Unknown command.
Unknown command.
Aiming: Mindburst
Press: ? - help, Shift-Dir - straight line, f/p - orc warrior
Aim: an orc warrior, wielding a +0 arbalest and wearing a +0 chain mail (almost dead, chance to affect: 77%)
The two-headed ogre resists with significant effort.
The two-headed ogre barely misses you.
The two-headed ogre hits you with a +0 dire flail!
You die...

## ## ##. .. #..
#.#..### ### #.#
.o).. ..# #.#
##Oo# #.# #.#
###..@####.####
#.# .#
#.............#
#.# .#
#.########....#
#.# .#.#
#..........(#
#.######.#.#
#...........#
...........#
########....######
.)##)......#
.....###.........#
.....).....#
#.....#.......#
......)....#
#.....#.......#


You could see a two-headed ogre, an orc warrior and an orc.

Vanquished Creatures
  A two-headed ogre (D:8)
  Prince Ribbit (D:8)
  Sigmund (D:2)
  A wyvern (D:7)
  A steam dragon (D:6)
  Menkaure (D:6)
  Edmund (D:5)
  4 water moccasins
  An orc warrior (D:8)
  3 ice beasts
  2 ogres
  A black bear (D:7)
  A phantom (D:5)
  A kobold brigand (D:8)
  2 bullfrogs
  A gnoll sergeant (D:7)
  3 scorpions (D:5)
  4 wights (D:8)
  4 killer bees (D:7)
  A howler monkey (D:4)
  A jelly (D:8)
  A lava snake (D:7)
  3 orc priests
  Crazy Yiuf (D:6)
  A gnoll bouda (D:4)
  3 iguanas
  2 sleepcaps
  Ijyb (D:3)
  5 orc wizards
  11 gnolls
  7 adders
  4 worms
  2 dart slugs
  24 orcs
  9 ball pythons
  7 endoplasms
  12 giant cockroaches
  3 goblins
  2 hobgoblins
  3 jackals (D:2)
  7 quokkas
  A bat (D:2)
  9 frilled lizards
  12 kobolds
  5 rats
171 creatures vanquished.

Vanquished Creatures (collateral kills)
  An orc wizard (D:7)
  A gnoll (D:7)
  A giant cockroach (D:4)
  A hobgoblin (D:4)
  A quokka (D:4)
5 creatures vanquished.

Vanquished Creatures (others)
  A phantom (D:4)
  2 killer bees (D:7)
  12 plants (D:3)
15 creatures vanquished.

Grand Total: 191 creatures vanquished

Notes
Turn   | Place    | Note
-------+----------+-------------------------------------------
     0 | D:1      | M4edhros the Octopode Artificer began the quest for the
                  | Orb.
     0 | D:1      | Reached XP level 1. HP: 13/13 MP: 1/1
   345 | D:2      | Found Cesiar's Antique Armour Emporium.
   414 | D:2      | Reached skill level 1 in Unarmed Combat
   414 | D:2      | Reached XP level 2. HP: 18/18 MP: 2/2
   603 | D:3      | Reached skill level 2 in Unarmed Combat
   603 | D:3      | Reached XP level 3. HP: 17/24 MP: 3/3
   623 | D:3      | Reached XP level 4. HP: 10/29 MP: 4/4
   635 | D:3      | Found a faded altar of an unknown god.
   764 | D:3      | Noticed Ijyb
   776 | D:3      | Killed Ijyb
   818 | D:4      | Noticed a phantom
   839 | D:4      | Reached skill level 3 in Unarmed Combat
   839 | D:4      | Reached XP level 5. HP: 33/35 MP: 5/5
   957 | D:4      | Noticed an ogre
   963 | D:4      | Killed an ogre
   964 | D:4      | Reached skill level 4 in Unarmed Combat
   964 | D:4      | Reached XP level 6. HP: 27/42 MP: 6/6
  1046 | D:4      | Found Anleman's Weapon Boutique.
  1073 | D:4      | Found a staircase to the Ecumenical Temple.
  1091 | Temple   | Entered the Ecumenical Temple
  1296 | Temple   | Became a worshipper of Xom of Chaos
  1466 | D:4      | Found a runed translucent gate.
  1466 | D:4      | Found a runed translucent gate.
  1466 | D:4      | Found a runed translucent gate.
  1517 | D:4      | XOM: silly message
  1521 | D:4      | Noticed NoOffense's ghost (amateur OpTm)
  1521 | D:4      | Noticed Pascal76's ghost (amateur GrBe)
  2113 | D:3      | XOM: silly message
  2929 | D:2      | Noticed Sigmund
  2936 | D:2      | Killed Sigmund
  2937 | D:2      | Reached skill level 5 in Unarmed Combat
  2937 | D:2      | Reached XP level 7. HP: 47/47 MP: 7/7
  3389 | D:1      | Identified a scroll of acquirement
  3389 | D:1      | Acquired the ring of Xicuteiwk {rPois Str+3}
  3403 | D:1      | XOM: god gift: 20 gold pieces
  3502 | D:5      | Entered Level 5 of the Dungeon
  3510 | D:5      | XOM: divination: detect creatures
  3540 | D:5      | XOM is BORED!
  3540 | D:5      | XOM: give mutations
  3540 | D:5      | Gained mutation: One of your tentacles bears a spike.
                  | [Xom's mischief]
  3540 | D:5      | Gained mutation: You have hidden genetic defects. [Xom's
                  | mischief]
  3540 | D:5      | Gained mutation: Your body sometimes deteriorates upon
                  | taking damage. [Xom's mischief]
  3585 | D:5      | Found a snail-covered altar of Cheibriados.
  3592 | D:5      | Fell from the grace of Xom
  3592 | D:5      | Became a worshipper of Cheibriados the Contemplative
  3617 | D:5      | Noticed Edmund
  3633 | D:5      | Killed Edmund
  3634 | D:5      | Reached skill level 6 in Unarmed Combat
  3634 | D:5      | Reached XP level 8. HP: 18/54 MP: 8/8
  3637 | D:5      | Reached skill level 5 in Dodging
  3654 | D:5      | Gained mutation: Your spells are a little easier to cast,
                  | but a little less powerful. [hidden defects]
  3743 | D:5      | Gained mutation: You have terrible hidden genetic defects.
                  | [hidden defects]
  3743 | D:5      | Lost mutation: You have terrible hidden genetic defects.
                  | [hidden defects expressed]
  3777 | D:5      | Found a glowing drain.
  3797 | Sewer    | Entered a sewer
  4011 | Sewer    | Reached * piety under Cheibriados
  4077 | Sewer    | Reached skill level 5 in Fighting
  4077 | Sewer    | Reached skill level 7 in Unarmed Combat
  4486 | D:6      | Gained mutation: Your body often deteriorates upon taking
                  | damage. [hidden defects]
  4775 | D:6      | Gained mutation: You have terrible hidden genetic defects.
                  | [hidden defects]
  4775 | D:6      | Lost mutation: You have terrible hidden genetic defects.
                  | [hidden defects expressed]
  4805 | D:6      | Noticed Menkaure
  4812 | D:6      | Killed Menkaure
  4813 | D:6      | Reached XP level 9. HP: 61/61 MP: 9/9
  4850 | D:6      | Found a runed translucent door.
  4851 | D:6      | Noticed Crazy Yiuf
  4878 | D:6      | XOM: stat loss: -3 Int (13/16)
  4894 | D:6      | XOM: cloud trail
  5091 | D:6      | Reached skill level 8 in Unarmed Combat
  5116 | D:6      | Gained mutation: You have terrible hidden genetic defects.
                  | [hidden defects]
  5282 | D:6      | Killed Crazy Yiuf
  5373 | D:7      | Reached ** piety under Cheibriados
  5623 | D:7      | Gained mutation: You are frail. (-10% HP) [hidden defects]
  5623 | D:7      | Lost mutation: You have terrible hidden genetic defects.
                  | [hidden defects expressed]
  5739 | D:7      | Reached skill level 9 in Unarmed Combat
  5898 | D:7      | XOM: polymorph water moccasin -> black bear
  6189 | D:7      | Reached *** piety under Cheibriados
  6434 | D:8      | Gained mutation: You occasionally lose the ability to drink
                  | potions when taking damage. [hidden defects]
  6511 | D:8      | Noticed a two-headed ogre
  6522 | D:8      | Killed a two-headed ogre
  6523 | D:8      | Reached XP level 10. HP: 22/63 MP: 10/10
  6527 | D:8      | Reached skill level 10 in Unarmed Combat
  6547 | D:8      | Gained mutation: You are very frail. (-20% HP) [hidden
                  | defects]
  6547 | D:8      | Lost mutation: You have hidden genetic defects. [hidden
                  | defects expressed]
  6577 | D:8      | XOM: 1-stop teleportation journey
  6846 | D:8      | Noticed Prince Ribbit
  6855 | D:8      | Killed Prince Ribbit
  7062 | D:8      | Found a staircase to the Lair.
  7072 | D:8      | XOM: noise
  7245 | D:8      | XOM: noise
  7317 | D:8      | Noticed a two-headed ogre
  7321 | D:8      | Slain by a two-headed ogre

Illustrated notes

Levels and vault maps discovered:
D:1:      tarquinn_simple_flora_water_e, layout_loops_ring, minmay_tromino_v4_c
D:2:      minmay_razor_zed, layout_loops_ring, serial_shops,
          nicolae_shop_advertising_works [nicolae_subvault_shop_adworks],
          serial_bayou_pond_a, minmay_misc_feat_hallway, uniq_sigmund
D:3:      layout_basic, dreamdust_ecumenical_altar_angels_and_demons,
          serial_park_tiny_2, lexackson_kobold_supper, uniq_ijyb
D:4:      layout_rooms, minmay_temple_entry_mini_moons,
          gammafunk_ghost_cemetery, serial_shops,
          nicolae_shop_bloodbath_and_beyond
D:5:      layout_rooms, kennysheep_mini, portal_sewer_entry_f, uniq_edmund
D:6:      layout_cave_pods, uniq_crazy_yiuf_cottage, uniq_menkaure
D:7:      layout_rooms, serial_rivers, chequers_serial_rivers_small_b,
          chequers_serial_rivers_room_b, chequers_serial_rivers_room_a,
          chequers_serial_rivers_large_a, kennysheep_cross_room,
          chequers_mini_garden, kennysheep_generic_room_3
D:8:      layout_basic, lair_entry_dummy, uniq_prince_ribbit1
Temple:   mainiacjoe_temple_hex_bubbles

Skill      XL: |  1  2  3  4  5  6  7  8  9 10 |
---------------+-------------------------------+-----
Unarmed Combat | 1 2 3 4 5 6 7 9 10 | 10.3
Fighting       | 2 3 4 5 7 |  7.3
Dodging        | 3 4 6 7 |  7.7
Stealth        | |  1.3
Evocations     | |  3.2

Action                     |  1- 3 |  4- 6 |  7- 9 | 10-12 || total
---------------------------+-------+-------+-------+-------++-------
  Melee: Unarmed           |    54 |   106 |   198 |    23 ||   381
         Tentacles         |    19 |    25 |    50 |     5 ||    99
         Constrict         |    13 |    27 |    53 |     9 ||   102
         Punch             |     1 |     5 |    17 |       ||    23
         Kick              |       |       |    72 |    12 ||    84
  Evoke: Wand              |       |    12 |    30 |     9 ||    51
    Use: Scroll            |       |     7 |     5 |       ||    12
         Potion            |       |     1 |     6 |     4 ||    11
   Stab: Sleeping          |     2 |     4 |    17 |       ||    23
         Distracted        |       |       |     1 |       ||     1
 Armour: Skin              |     4 |       |     8 |       ||    12
  Dodge: Dodged            |    28 |    77 |   148 |    18 ||   271

Table legend: (Time is in decaauts)
 A = Elapsed time spent in this place.
 B = Non-inter-level travel time spent in this place.
 C = Inter-level travel time spent in this place.
 D = Time resting spent in this place.
 E = Time spent auto-exploring this place.
 F = Levels seen in this place.
 G = Mean time per level.
                   A        B        C        D        E       F      G
               +--------+--------+--------+--------+--------+-----+--------+
         Total |   8350 |   7917 |    433 |     30 |   6383 |  10 |  835.0 |
       Dungeon |   7720 |   7335 |    385 |     30 |   5986 |   8 |  965.0 |
        Temple |    241 |    193 |     48 |      0 |    166 |   1 |  241.0 |
         Sewer |    387 |    387 |      0 |      0 |    231 |   1 |  387.0 |
               +--------+--------+--------+--------+--------+-----+--------+

Top non-repeatable levels by time:
     D:6: 1397 daAuts
     D:7: 1302 daAuts
     D:8: 1187 daAuts
     D:2: 996 daAuts
     D:3: 941 daAuts
     D:1: 731 daAuts
     D:5: 582 daAuts
     D:4: 581 daAuts
   Sewer: 387 daAuts
  Temple: 241 daAuts
